 Dungeon Crawl Stone Soup version 0.31-a0-1278-g11c5b68f87 (webtiles) character file.

Game seed: 9563133209234172120

63 experimilk the Ruffian (level 3, 36/36 HPs)
             Began as a Troll Berserker on Dec 17, 2023.
             Was a Believer of Trog.
             Quit the game on level 2 of the Dungeon.
             The game lasted 00:02:13 (1431 turns).

experimilk the Ruffian (Troll Berserker)            Turns: 1431, Time: 00:02:13

Health: 36/36      AC:  4    Str: 27    XL:     3   Next: 87%
Magic:  2/2        EV: 10    Int:  3    God:    Trog [**....]
Gold:   55         SH:  0    Dex:  9    Spells: 2/2 levels left

rFire   . .          .
                       - Unarmed
rCold   . . .        (no shield)
rNeg    . . .        e - +0 animal skin
rPois   .            (helmet restricted)
rElec   .            (no cloak)
rCorr   .            (gloves unavailable)
SInv    .            (boots unavailable)
Will    .....        (no amulet)
Stlth   +            (no ring)
HPRegen 1.06/turn    (no ring)
MPRegen 0.08/turn

%: no passive effects
@: no status effects
A: large, unfitting armour, claws 3, regeneration 1, shaggy fur 1, tough skin 1
a: Renounce Religion, Berserk, Trog's Hand


You were on level 2 of the Dungeon.
You worshipped Trog.
Trog was pleased with you.
You visited 1 branch of the dungeon, and saw 2 of its levels.

You collected 55 gold pieces.

Inventory:

Missiles
 a - 5 javelins
 c - 5 poisoned darts (quivered)
Armour
 e - a +0 animal skin (worn)
Scrolls
 b - 2 scrolls of identify {unknown}
 d - a scroll of enchant weapon {unknown}
 f - a scroll of revelation {unknown}
 j - a scroll of poison {unknown}
 m - a scroll of teleportation {unknown}
Potions
 g - a potion of degeneration {unknown}
 h - a potion of attraction {unknown}
 i - a potion of invisibility {unknown}
 k - a potion of mutation {unknown}
 l - a potion of curing {unknown}


   Skills:
 - Level 2.4 Fighting
 - Level 2.4 Dodging
 * Level 4.8 Unarmed Combat


You had 2 spell levels left.
You didn't know any spells.
Your spell library was empty.

Dungeon Overview and Level Annotations

Branches:
Dungeon (2/15)

Altars:


Innate Abilities, Weirdness & Mutations

You are too large for most types of armour.
You have claws for hands.
Your natural rate of healing is unusually fast.
You are covered in fur. (AC +1)
You have tough skin. (AC +1)


Message History

A ball python comes into view.
The ball python hisses angrily.
A quokka comes into view.
An endoplasm comes into view.
Found a stone staircase leading down.
There are monsters nearby!
The ball python bites you but does no damage.
The endoplasm quivers.
You claw the ball python!
You kill the ball python!
Trog accepts your kill.
You barely miss the endoplasm. The endoplasm closely misses you.
You claw the endoplasm!
You kill the endoplasm!
Trog accepts your kill. The quokka closely misses you.
The quokka bites you but does no damage.
You claw the quokka!
You kill the quokka!
Trog accepts your kill.
No target in view!
No target in view!
No target in view!
Found a stone staircase leading up.
A frilled lizard comes into view.
The frilled lizard hisses angrily.
A frilled lizard is nearby!
You claw the frilled lizard!
You kill the frilled lizard!
Trog accepts your kill.
No target in view!
No target in view!
A quokka comes into view.
You closely miss the quokka.
The quokka bites you but does no damage.
You claw the quokka!
You kill the quokka!
Trog accepts your kill.
No target in view!
Are you sure you want to abandon this character and quit the game? (Confirm with "yes".)

#. #########. #......##.
#......... ##.........
#.....#.... #.....####.
##############.....####.
.......@................
##############.....#####
####### #### ...# ...#


There were no monsters in sight!

Vanquished Creatures
  4 worms (D:2)
  3 bats
  4 endoplasms
  A giant cockroach (D:2)
  5 goblins
  6 hobgoblins
  4 jackals (D:1)
  3 kobolds
  4 quokkas
  3 ball pythons
  3 frilled lizards
  6 rats
46 creatures vanquished.

Notes
Turn   | Place    | Note
-------+----------+-------------------------------------------
     0 | D:1      | experimilk the Troll Berserker began the quest for the Orb.
     0 | D:1      | Reached XP level 1. HP: 22/22 MP: 0/0
   184 | D:1      | Reached XP level 2. HP: 29/29 MP: 1/1
   671 | D:1      | Reached skill level 4 in Unarmed Combat
   817 | D:1      | Reached ** piety under Trog
   994 | D:2      | Reached XP level 3. HP: 36/36 MP: 2/2
  1431 | D:2      | Quit the game

Illustrated notes

Levels and vault maps discovered:
D:1:      ebering_hopf_link, layout_basic
D:2:      layout_basic

Skill      XL: |  1  2 |
---------------+-------+-----
Unarmed Combat | 4 |  4.8
Fighting       | |  2.4
Dodging        | |  2.4

Action                     || total
---------------------------++-------
  Melee: Unarmed           ||    83
         Punch             ||     2
  Throw: Dart              ||     9
 Armour: Animal skin       ||    56
  Dodge: Dodged            ||    37

Table legend: (Time is in decaauts)
 A = Elapsed time spent in this place.
 B = Non-inter-level travel time spent in this place.
 C = Inter-level travel time spent in this place.
 D = Time resting spent in this place.
 E = Time spent auto-exploring this place.
 F = Levels seen in this place.
 G = Mean time per level.
                   A        B        C        D        E       F      G
               +--------+--------+--------+--------+--------+-----+--------+
         Total |   1425 |   1398 |     27 |      0 |   1181 |   2 |  712.5 |
       Dungeon |   1425 |   1398 |     27 |      0 |   1181 |   2 |  712.5 |
               +--------+--------+--------+--------+--------+-----+--------+

Top non-repeatable levels by time:
     D:1: 954 daAuts
     D:2: 470 daAuts
